 Dungeon Crawl Stone Soup version 0.24-a0-335-g06ca16a (webtiles) character file.

Game seed: 13025885110468458885

8011 MisterFreud the Carver (level 11, -6/66 (67) HPs)
             Began as an Octopode Fighter on May 18, 2019.
             Was a Priest of Cheibriados.
             Mangled by a two-headed ogre
             ... wielding a +0 giant club
              (33 damage)
             ... on level 9 of the Dungeon.
             The game lasted 00:20:18 (10116 turns).

MisterFreud the Carver (Octopode Fighter)          Turns: 10116, Time: 00:20:19

HP:   -6/66 (67)    AC:  1    Str: 24    XL:     11   Next: 24%
MP:   15/15         EV: 18    Int: 20    God:    Cheibriados [***...]
Gold: 257           SH: 13    Dex: 18    Spells: 10/10 levels left

rFire    . . .     SeeInvis +   a - +1 long sword
rCold    . . .     Gourm    .   b - +1 shield
rNeg     + . .     Faith    +   x - +0 hat {MR+}
rPois    .         Spirit   .   v - amulet of faith
rElec    .         Reflect  .   p - ring of see invisible
rCorr    +         Harm     .   u - ring of resist corrosion
MR       +....                  y - ring of positive energy
Stlth    ++++......             (no ring)
HPRegen  0.21/turn              (no ring)
MPRegen  0.14/turn              (no ring)
                                (no ring)
                                (no ring)

@: very slightly contaminated, invisible, very slow
A: almost no armour, stealthy swim, amphibious, 8 rings, constrict 8, camouflage
1, gelatinous body 1
a: Bend Time, Temporal Distortion, Renounce Religion


You were on level 9 of the Dungeon.
You worshipped Cheibriados.
Cheibriados was most pleased with you.
You were not hungry.

You visited 2 branches of the dungeon, and saw 10 of its levels.

You collected 392 gold pieces.
You spent 135 gold pieces at shops.

Inventory:

Hand Weapons
 a - a +1 long sword (weapon)
Armour
 b - a +1 shield (worn)
 x - a +0 hat of magic resistance (worn)
Jewellery
 p - a ring of see invisible (left tentacle)
 u - a ring of resist corrosion (right tentacle)
 v - an amulet of faith (around mantle)
 y - a ring of positive energy (on tentacle)
Wands
 h - a wand of enslavement (6)
 n - a wand of scattershot (5)
 q - a wand of flame (28)
Scrolls
 e - 8 scrolls of remove curse
 f - a scroll of magic mapping
 g - 2 scrolls of fog
 l - a scroll of immolation
 m - 2 scrolls of identify
 o - 5 scrolls of teleportation
 r - 4 scrolls of enchant armour
 z - a scroll of summoning
Potions
 i - 2 potions of mutation
 j - 2 potions of lignification
 k - 3 potions of cancellation
 s - a potion of resistance
 t - 2 potions of flight
Comestibles
 d - 15 rations


   Skills:
 - Level 3.0 Fighting
 + Level 12.1 Long Blades
 + Level 8.2 Dodging
 - Level 8.0 Shields
 - Level 6.0 Evocations


You had 10 spell levels left.
You didn't know any spells.
Your spell library contained the following spells:

 Spells                   Type           Power        Failure   Level  Hunger
 Beastly Appendage        Tmut           #.....       43%         1    ##.....
 Confusing Touch          Hex            #.....       43%         1    ##.....
 Sticks to Snakes         Tmut           #.......     56%         2    ###....
 Confuse                  Hex            #.......     80%         3    ####...
 Gell's Gravitas          Tloc           #.........   80%         3    ####...
 Spider Form              Tmut/Pois      #.........   80%         3    ####...
 Ice Form                 Ice/Tmut       #.......     99%         4    #####..
 Petrify                  Tmut/Erth      #.......     99%         4    #####..
 Blade Hands              Tmut           #.........   100%        5    ######.
 Metabolic Englaciation   Hex/Ice        #.........   100%        5    ######.
 Yara's Violent Unravell  Hex/Tmut       #.........   100%        5    ######.


Dungeon Overview and Level Annotations

Branches:
Dungeon (9/15)             Temple (1/1) D:6
   Lair: D:8-11         Orc: D:9-12

Altars:
Cheibriados
Kikubaaqudgha
Makhleb
Qazlal
Sif Muna
Trog
Uskayaw
Vehumet
Xom

Shops:
D:7 ?   D:9 !

Annotations:
D:4 3 runed translucent doors, Ds27's ghost, amateur DsAK


Innate Abilities, Weirdness & Mutations

You cannot wear most types of armour.
You are very stealthy in the water. (Stealth+)
You are amphibious.
You can wear up to eight rings at the same time.
You can use your tentacles to constrict eight enemies at once.
Your skin changes colour to match your surroundings (Stealth+).
Your rubbery body absorbs attacks. (AC +1, EV +1)


Message History

The orc wizard seems to speed up.
The orc shouts!
You hear a shout!
You are near starving!
You eat one of the 16 rations.
That ration really hit the spot!
You fade into invisibility!
You are very lightly contaminated with residual magic.
You block the orc warrior's attack. The orc warrior closely misses you.
You slash the orc warrior! You grab the orc warrior.
You squeeze the orc warrior, but do no damage.
The orc warrior is moderately wounded.
You constrict the orc warrior. You slash the orc warrior!
You squeeze the orc warrior!
You kill the orc warrior!
Cheibriados appreciates the change of pace.
The orc wizard casts a spell at you. The magic dart hits you.
The two-headed ogre hits you with a +0 giant club!!
Ouch! That really hurt!
You die...

##.#########
#..........#####
####...............
#................
....##...≈≈≈≈≈.....
.#.
#...≈###≈..##### .
#..K≈#_'........
#.hO[###≈.......
####@≈≈≈≈o......
####o........ ...
#.........
....######......[..
..................
#..####.#########
#.# #o# ..##..###K#
#.......K#


You could see a two-headed ogre, a black bear, an orc wizard, an orc and a
kobold.

Vanquished Creatures
  Gastronok (D:8)
  Harold (D:8)
  Erolcha (D:9)
  Pikel (D:7)
  A troll (D:9)
  Grinder (D:3)
  Menkaure (D:4)
  2 acid dragons
  A water moccasin (D:8)
  4 ice beasts
  An orc warrior (D:9)
  A slave (D:7)
  A black bear (D:8)
  A phantom (D:7)
  2 sky beasts
  2 necrophages (D:7)
  3 centaurs
  2 big kobolds
  4 bullfrogs
  A gnoll sergeant (D:6)
  3 scorpions
  3 wights (D:7)
  8 killer bees (D:7)
  A bullfrog zombie (D:8)
  2 crimson imps
  3 jellies
  A quasit (D:8)
  4 hounds
  8 orc priests
  A bullfrog skeleton (D:6)
  2 iguanas
  3 worker ants
  8 orc wizards
  8 adders
  8 gnolls
  2 shadow imps (D:9)
  2 oozes (D:1)
  3 adder skeletons
  2 worms (D:3)
  2 dart slugs (D:1)
  7 leopard geckos
  28 orcs
  9 giant cockroaches
  8 goblins
  11 hobgoblins
  3 jackals (D:3)
  5 quokkas
  A ball python (D:1)
  A ball python zombie (D:6)
  6 bats
  5 frilled lizards
  12 kobolds
  A quokka skeleton (D:5)
  10 rats
213 creatures vanquished.

Vanquished Creatures (collateral kills)
  An adder skeleton (D:7)
1 creature vanquished.

Vanquished Creatures (others)
  2 slaves (D:7)
  A bullfrog (D:7)
  2 killer bees (D:7)
  A crimson imp (D:7)
  A worm (D:4)
7 creatures vanquished.

Grand Total: 221 creatures vanquished

Notes
Turn   | Place    | Note
-------+----------+-------------------------------------------
     0 | D:1      | MisterFreud the Octopode Fighter began the quest for the
                  | Orb.
     0 | D:1      | Reached XP level 1. HP: 16/16 MP: 1/1
    60 | D:1      | Reached XP level 2. HP: 11/21 MP: 2/2
   148 | D:1      | Reached skill level 3 in Long Blades
   384 | D:1      | Reached XP level 3. HP: 15/26 MP: 3/3
  1051 | D:1      | Reached skill level 4 in Long Blades
  1333 | D:2      | Reached XP level 4. HP: 31/31 MP: 4/4
  2551 | D:3      | Reached skill level 5 in Long Blades
  2551 | D:3      | Reached XP level 5. HP: 33/36 MP: 5/5
  2595 | D:3      | Noticed Grinder
  2613 | D:3      | Killed Grinder
  2613 | D:3      | Reached skill level 6 in Long Blades
  2613 | D:3      | Reached XP level 6. HP: 14/42 MP: 6/6
  3072 | D:4      | Found a radiant altar of Vehumet.
  3086 | D:4      | Found a runed translucent gate.
  3086 | D:4      | Found a runed translucent gate.
  3086 | D:4      | Found a runed translucent gate.
  3086 | D:4      | Noticed Ds27's ghost (amateur DsAK)
  3104 | D:4      | Noticed Menkaure
  3111 | D:4      | Killed Menkaure
  3258 | D:4      | Reached XP level 7. HP: 46/46 MP: 7/7
  3309 | D:4      | Noticed a centaur warrior
  3454 | D:4      | Reached skill level 7 in Long Blades
  3591 | D:5      | Entered Level 5 of the Dungeon
  3820 | D:5      | Reached skill level 5 in Dodging
  4182 | D:5      | Reached XP level 8. HP: 46/52 MP: 8/8
  4373 | D:5      | Found a hide-covered altar of Uskayaw.
  5167 | D:6      | Reached skill level 8 in Long Blades
  5706 | D:6      | Found a staircase to the Ecumenical Temple.
  5822 | Temple   | Entered the Ecumenical Temple
  5831 | Temple   | Became a worshipper of Cheibriados the Contemplative
  6095 | D:6      | Found a shimmering altar of Xom.
  6277 | D:7      | Reached XP level 9. HP: 25/56 MP: 9/9
  6480 | D:7      | Reached skill level 5 in Shields
  6500 | D:7      | Noticed Pikel
  6517 | D:7      | Killed Pikel
  6538 | D:7      | Reached * piety under Cheibriados
  7386 | D:7      | Reached skill level 9 in Long Blades
  7404 | D:7      | HP: 2/55 [poisoned by a killer bee]
  7410 | D:7      | HP: 2/55 [poisoned by a killer bee]
  7720 | D:7      | Reached XP level 10. HP: 32/62 MP: 10/10
  8020 | D:7      | Found Hong's Magic Scroll Boutique.
  8032 | D:7      | Bought a scroll of teleportation for 45 gold pieces
  8032 | D:7      | Bought a scroll of identify for 30 gold pieces
  8032 | D:7      | Bought a scroll of identify for 30 gold pieces
  8032 | D:7      | Bought a scroll of identify for 30 gold pieces
  8056 | D:7      | Reached ** piety under Cheibriados
  8070 | D:7      | Found an ancient bone altar of Kikubaaqudgha.
  8219 | D:8      | Reached skill level 10 in Long Blades
  8660 | D:8      | Reached skill level 1 in Evocations
  8716 | D:8      | Noticed Gastronok
  8753 | D:8      | Killed Gastronok
  8753 | D:8      | Reached skill level 11 in Long Blades
  8753 | D:8      | Reached skill level 5 in Evocations
  9084 | D:8      | Noticed Harold
  9101 | D:8      | Killed Harold
  9101 | D:8      | Reached XP level 11. HP: 55/66 MP: 13/15
  9600 | D:9      | Noticed Erolcha
  9623 | D:9      | Killed Erolcha
  9623 | D:9      | Reached *** piety under Cheibriados
  9854 | D:9      | Found a burning altar of Makhleb.
  9864 | D:9      | Found Jetafo's Distillery.
  9870 | D:9      | Reached skill level 12 in Long Blades
 10096 | D:9      | Noticed a two-headed ogre
 10116 | D:9      | Mangled by a two-headed ogre

Levels and vault maps discovered:
D:1:      roderic_chinese_lattice_arrival, layout_loops_ring
D:2:      layout_loops_corners
D:3:      layout_loops_ring, first_ration, uniq_grinder
D:4:      layout_basic, fiery_altar_vehumet, gammafunk_ghost_necromancy,
          minmay_misc_feat_encased, lightli_corner_chamber, uniq_menkaure
D:5:      layout_cave_pools, lemuel_doored_altar
D:6:      layout_loops_ring, tgw_xom, minmay_temple_entry_enclosed_plants,
          serial_park_tiny_pond, kb_lookout_dungeons_type
D:7:      layout_loops_ring, lemuel_coloured_pillars_altar, serial_shops, shop,
          uniq_pikel
D:8:      layout_layer_cave, uniq_gastronok, uniq_harold
D:9:      layout_basic, kennysheep_mini_moat, tso_oasis_becter,
          lair_entry_dummy, serial_shops, shop, uniq_erolcha
Temple:   eino_temple_scatter_basement

Skill      XL: |  1  2  3  4  5  6  7  8  9 10 11 |
---------------+----------------------------------+-----
Long Blades    | 3 4 5 6 7 8 9 11 12 | 12.1
Dodging        | 5 8 |  8.2
Shields        | 4 8 |  8.0
Evocations     | 5 6 |  6.0
Fighting       | |  3.0

Action                   |  1- 3 |  4- 6 |  7- 9 | 10-12 || total
-------------------------+-------+-------+-------+-------++-------
Melee: Long sword        |    70 |    72 |   318 |   184 ||   644
       Constrict         |    17 |    20 |    58 |    31 ||   126
       Tentacles         |    16 |    12 |    71 |    40 ||   139
Evoke: Wand              |       |       |     5 |       ||     5
  Use: Scroll            |       |     7 |    11 |     7 ||    25
       Potion            |       |       |     3 |     3 ||     6
 Stab: Sleeping          |     6 |     3 |     3 |     3 ||    15
       Distracted        |       |       |     1 |     1 ||     2
  Eat: Chunk             |     1 |     6 |    13 |     2 ||    22
       Ration            |       |       |       |     1 ||     1
Armor: Skin              |     5 |     3 |     9 |     6 ||    23
Dodge: Dodged            |    27 |    20 |   134 |    51 ||   232
Block: Shield            |    29 |    30 |   160 |    84 ||   303
       Rpst.: Long sword |     6 |     6 |    43 |     9 ||    64

Table legend:
 A = Non-vault XP
 B = Vault XP
 C = Vault XP percentage of total XP
 D = Non-vault monster count
 E = Vault monster count
 F = Vault count percentage of total count
                 A         B        C        D         E       F
            +---------+---------+-------+---------+---------+-------
      Total |    5712 |    5733 |  50.1 |     200 |      13 |   6.1
            +---------+---------+-------+---------+---------+-------
        D:1 |      70 |       0 |   0.0 |      33 |       0 |   0.0
        D:2 |      47 |       0 |   0.0 |      15 |       0 |   0.0
        D:3 |      50 |     267 |  84.2 |      22 |       1 |   4.3
        D:4 |     184 |     175 |  48.7 |      12 |       1 |   7.7
        D:5 |     706 |       0 |   0.0 |      32 |       0 |   0.0
        D:6 |     473 |     237 |  33.4 |      12 |       7 |  36.8
        D:7 |    2014 |     697 |  25.7 |      40 |       1 |   2.4
        D:8 |    1220 |    3377 |  73.5 |      21 |       2 |   8.7
        D:9 |     948 |     980 |  50.8 |      13 |       1 |   7.1
            +---------+---------+-------+---------+---------+-------
